cohdb
Replays
Latest Replays
All Replays
Popular Replays
Top Player Replays
Match Explorer
How It Works
Community
CoH3 Stats
Reddit
Sign in to upload your games and track your stats! →
Sign in with Steam
Match 44698189
Unlisted
Match 44698189
Overview
Messages
Build Orders
End
Kradschützen Motorcycle Team
250 Light Carrier
Selects Armored Support Battlegroup
Selects Armored Support Battlegroup
Panzergrenadier Squad
Panzergrenadier Squad
Construct Light Support Kompanie
Selects Salvage Kits
Selects Superior Fire Drills
2.5-tonne Medical Truck
Combat Half-tracks
Fire Support Elements
Selects Salvage Kits
Assault Mechanized Group
Veteran Squad Leaders
Panzerjäger Squad
Construct Panzerarmee Kommand
Armored Reserves
Selects Flammpanzer III Medium Tank
le.IG 18 Support Gun Team
Tiger Heavy Tank
Rapid Advance
Selects Command Panzer IV F Medium Tank
Command Panzer IV F Medium Tank
Selects Panzer Storm
Panzer Storm
Vipper
izi
Keto
zackut
Hank
Attac D Point
Serial Chiller
kocaman08
0
0
Comments
sign in to comment!
No comments posted yet!